 Dungeon Crawl Stone Soup version 0.28-a0-983-g1de4e0787c (webtiles) character file.

Game seed: 2804395542151938868

2013 Htamos the Purveyor of Pain (level 9, -3/88 HPs)
             Began as a Troll Necromancer on Dec 3, 2021.
             Was an Initiate of Kikubaaqudgha.
             Slain by a killer bee (5 damage)
             ... on level 7 of the Dungeon.
             The game lasted 00:18:40 (6623 turns).

Htamos the Purveyor of Pain (Troll Necromancer)     Turns: 6623, Time: 00:18:42

Health: -3/88      AC:  5    Str: 18    XL:     9   Next: 2%
Magic:  12/12      EV: 11    Int: 13    God:    Kikubaaqudgha [......]
Gold:   226        SH:  0    Dex: 12    Spells: 5/14 levels left

rFire   . . .      SeeInvis .     - Unarmed
rCold   . . .      Faith    .   (no shield)
rNeg    . . .      Spirit   .   a - +1 robe
rPois   .          Reflect  .   (helmet restricted)
rElec   .          Harm     .   (no cloak)
rCorr   .          Rampage  .   (gloves unavailable)
Will    .....                   (boots unavailable)
Stlth   ++........              (no amulet)
HPRegen 1.04/turn               j - ring of wizardry
MPRegen 0.13/turn               k - ring of wizardry

@: lethally poisoned (-3 -> -26)
A: large, unfitting armour, claws 3, regeneration 1, shaggy fur 1, tough skin 1
a: Renounce Religion


You were on level 7 of the Dungeon.
You worshipped Kikubaaqudgha.
Kikubaaqudgha was noncommittal.
You visited 2 branches of the dungeon, and saw 8 of its levels.

You collected 226 gold pieces.

Inventory:

Armour
 a - a +1 robe (worn)
Jewellery
 h - a ring of poison resistance
 j - a ring of wizardry (left claw)
 k - a ring of wizardry (right claw)
 q - a ring of protection from fire
Wands
 m - a wand of polymorph (7)
 n - a wand of mindburst (18)
 p - a wand of paralysis (8)
Scrolls
 c - 3 scrolls of enchant armour
 d - 3 scrolls of identify {@rr}
 s - a scroll of magic mapping
 t - a scroll of acquirement
Potions
 f - 2 potions of haste
 r - a potion of cancellation {unknown}


   Skills:
 * Level 5.4 Fighting
 + Level 4.0 Dodging
 - Level 1.0 Stealth
 + Level 2.6 Unarmed Combat
 + Level 3.0 Spellcasting
 * Level 6.4 Necromancy


You had 5 spell levels left.
You knew the following spells:

 Your Spells              Type           Power      Damage    Failure   Level
a - Pain                  Necr           72%        1d7       1%          1
b - Animate Skeleton      Necr           36%        N/A       1%          1
c - Vampiric Draining     Necr           18%        2d7       1%          3
d - Animate Dead          Necr           9%         N/A       4%          4

Your spell library contained the following spells:

 Spells                   Type           Power      Damage    Failure   Level
 Magic Dart               Conj           8%         1d3       6%          1
 Searing Ray              Conj           4%         2d4       10%         2
 Agony                    Necr           18%        N/A       12%         5
 Fulminant Prism          Conj/Hex       1%         3d6       47%         4


Dungeon Overview and Level Annotations

Branches:
Dungeon (7/15)             Temple (1/1) D:5

Altars:
Ashenzari
Cheibriados
Dithmenos
Fedhas
Gozag
Hepliaklqana
Kikubaaqudgha
Makhleb
Vehumet
Wu Jian
Xom
Yredelemnul

Shops:
D:6 [


Innate Abilities, Weirdness & Mutations

You are too large for most types of armour.
You have claws for hands.
Your natural rate of healing is unusually fast.
You are covered in fur. (AC +1)
You have tough skin. (AC +1)


Message History

The killer bee closely misses you. x2; The killer bee stings you.
The killer bee barely misses you. The hound closely misses you.
The killer bee completely misses you. The killer bee stings you!
* * * LOW HITPOINT WARNING * * *
You are more poisoned.
The killer bee poisons you! The killer bee stings you.
* * * LOW HITPOINT WARNING * * *
The hound barely misses you. The killer bee closely misses you.
Unknown command.
Unknown command.
This is a scroll of acquirement!
Unknown command.
As you read the scroll labelled YGUW YMOJ VEMM, it crumbles to dust.
You feel aware of your surroundings.
It was a scroll of magic mapping.
You feel extremely sick. The killer bee stings you.
* * * LOW HITPOINT WARNING * * *
You are more poisoned.
The killer bee poisons you!
The killer bee stings you but does no damage.
The killer bee stings you.
* * * LOW HITPOINT WARNING * * *
The killer bee barely misses you. The killer bee stings you.
* * * LOW HITPOINT WARNING * * *
The hound closely misses you. The killer bee barely misses you.
The killer bee stings you.
* * * LOW HITPOINT WARNING * * *
You are more poisoned.
The killer bee poisons you! The killer bee stings you.
* * * LOW HITPOINT WARNING * * *
Unknown command.
Unknown command.
You scratch the hound.
Flame seeps out of the hound.
Your claw misses the hound.
The hound is lightly wounded.
* * * LOW HITPOINT WARNING * * *
You feel extremely sick. The killer bee completely misses you.
The killer bee stings you.
You die...
Kikubaaqudgha rasps: "You have failed me!
Welcome... death!"

#.................,,,,,,,,
####.................,,,,,,,,
#####................>....,,,,,*,
.........................,,,,,,,,
........[...>............,,,**,,,
.......................#***,,*,,,
................>....#.# **,,,,,
.......######..yy.##...# *****,
.........## #..y@y.#..######** *,
.......#..####.h............,***,
.......##.........#..######*,,,,,
.......######.........#######**,,
.......# #...####....^....,*,,
######## #...# #.........,*,,
##.### #.........,*,, #..#
#.........,**, #.##
#.........,,,,


You could see a hound (inner flame) and 4 killer bees.

Vanquished Creatures
  Pikel (D:5)
  The ghost of hemabe71 the Charlatan, an amateur HuAr (D:4)
  A water moccasin (D:6)
  An ogre (D:4)
  2 lemures (D:5)
  A phantom (D:5)
  Blork the orc (D:5)
  3 bullfrogs (D:6)
  A scorpion (D:6)
  2 killer bees (D:6)
  A howler monkey (D:6)
  A bullfrog zombie (D:6)
  A centaur zombie (D:4)
  2 hounds (D:5)
  4 jellies
  An orc priest (D:5)
  A centaur skeleton (D:4)
  2 iguanas
  An orc wizard (D:5)
  A hound skeleton (D:4)
  Robin (D:3)
  6 gnolls (D:5)
  5 adders
  A white imp (D:2)
  3 adder skeletons (D:4)
  A worm (D:5)
  5 dart slugs
  11 orcs
  14 ball pythons
  An endoplasm (D:4)
  A giant cockroach (D:4)
  13 goblins
  10 hobgoblins
  5 jackals
  5 quokkas
  5 bats
  3 frilled lizards
  4 kobolds
  A quokka skeleton (D:4)
  9 rats
133 creatures vanquished.

Notes
Turn   | Place    | Note
-------+----------+-------------------------------------------
     0 | D:1      | Htamos the Troll Necromancer began the quest for the Orb.
     0 | D:1      | Reached XP level 1. HP: 16/16 MP: 1/1
   179 | D:1      | Reached XP level 2. HP: 26/26 MP: 2/2
   978 | D:2      | Found a faded altar of an unknown god.
  1033 | D:2      | Reached skill level 1 in Fighting
  1241 | D:2      | Reached XP level 3. HP: 33/33 MP: 4/4
  1798 | D:3      | Reached XP level 4. HP: 41/41 MP: 3/5
  1859 | D:3      | Noticed Robin
  1877 | D:3      | Killed Robin
  2253 | D:3      | Reached skill level 4 in Necromancy
  2536 | D:4      | Reached XP level 5. HP: 25/49 MP: 6/6
  2727 | D:4      | Noticed hemabe71's ghost (amateur HuAr)
  2833 | D:4      | Reached XP level 6. HP: 43/59 MP: 7/7
  2980 | D:4      | Found a runed translucent door.
  3892 | D:4      | Killed hemabe71's ghost
  3893 | D:4      | Reached XP level 7. HP: 49/67 MP: 9/9
  3953 | D:5      | Entered Level 5 of the Dungeon
  4045 | D:5      | Reached skill level 5 in Necromancy
  4337 | D:5      | Noticed Blork the orc
  4378 | D:5      | Killed Blork the orc
  4817 | D:5      | Found a staircase to the Ecumenical Temple.
  4829 | Temple   | Entered the Ecumenical Temple
  4877 | Temple   | Became a worshipper of Kikubaaqudgha
  4880 | Temple   | Learned a level 1 spell: Animate Skeleton
  4884 | Temple   | Learned a level 3 spell: Vampiric Draining
  4889 | Temple   | Learned a level 4 spell: Animate Dead
  5230 | D:5      | Reached XP level 8. HP: 59/78 MP: 10/10
  5256 | D:6      | Reached skill level 1 in Unarmed Combat
  5270 | D:6      | Noticed Pikel
  5543 | D:5      | Killed Pikel
  5544 | D:5      | Reached skill level 5 in Fighting
  5544 | D:5      | Reached skill level 6 in Necromancy
  6190 | D:6      | Found Toistri's Armour Shop.
  6543 | D:6      | Reached XP level 9. HP: 42/88 MP: 12/12
  6622 | D:7      | Identified a scroll of acquirement
  6623 | D:7      | HP: 2/88 [poisoned by a killer bee]
  6623 | D:7      | Slain by a killer bee

Illustrated notes

Levels and vault maps discovered:
D:1:      lemuel_arrival_funnel, layout_basic, minmay_tetromino_s4
D:2:      layout_loops_ring, nicolae_ecumenical_oubliette,
          kennysheep_pointless_box, corexii_corridor_pit
D:3:      layout_rooms, uniq_robin
D:4:      layout_cave_pods, hellmonk_ghost_happy_afterlife
D:5:      layout_basic, minmay_temple_entry_mini_moons,
          lightli_ossuary_entry_decrepit_ruins, ebering_dispersal_statue_hall,
          uniq_blork_the_orc
D:6:      layout_cave_pools, serial_shops, nicolae_shop_stone, uniq_pikel
D:7:      layout_rooms
Temple:   mainiacjoe_temple_coin_purse

Skill      XL: |  1  2  3  4  5  6  7  8 |
---------------+-------------------------+-----
Fighting       | 1 2 3 4 5 |  5.4
Dodging        | 2 3 4 |  4.0
Necromancy     | 4 5 6 |  6.4
Spellcasting   | 2 3 |  3.0
Unarmed Combat | 2 |  2.6
Stealth        | |  1.0

Action                   |  1- 3 |  4- 6 |  7- 9 || total
-------------------------+-------+-------+-------++-------
Melee: Unarmed           |   124 |   143 |   204 ||   471
 Cast: Pain              |     8 |    57 |   117 ||   182
Evoke: Wand              |       |       |     1 ||     1
  Use: Scroll            |       |     5 |     4 ||     9
       Potion            |       |       |     6 ||     6
 Stab: Sleeping          |     5 |     1 |       ||     6
       Invisible         |       |       |     2 ||     2
       Paralysed         |       |       |     1 ||     1
Armor: Robe              |    55 |    64 |    70 ||   189
       Skin              |       |       |     1 ||     1
Dodge: Dodged            |    64 |   101 |   180 ||   345

Table legend: (Time is in decaauts)
 A = Elapsed time spent in this place.
 B = Non-inter-level travel time spent in this place.
 C = Inter-level travel time spent in this place.
 D = Time resting spent in this place.
 E = Time spent auto-exploring this place.
 F = Levels seen in this place.
 G = Mean time per level.
                   A        B        C        D        E       F      G
               +--------+--------+--------+--------+--------+-----+--------+
         Total |   6621 |   6392 |    229 |    367 |   4425 |   8 |  827.6 |
       Dungeon |   6550 |   6332 |    218 |    367 |   4396 |   7 |  935.7 |
        Temple |     70 |     59 |     11 |      0 |     29 |   1 |   70.0 |
               +--------+--------+--------+--------+--------+-----+--------+

Top non-repeatable levels by time:
     D:4: 1585 daAuts
     D:5: 1395 daAuts
     D:6: 1042 daAuts
     D:1: 1015 daAuts
     D:3: 775 daAuts
     D:2: 647 daAuts
     D:7: 89 daAuts
  Temple: 70 daAuts
